 Dungeon Crawl Stone Soup version 0.27.0-1-g7a089689b8 (webtiles) character file.

Game seed: 16176368654188821824

74 Smaepdii the Stinger (level 4, 0/30 HPs)
             Began as a Merfolk Venom Mage on Aug 6, 2021.
             Slain by a quokka (3 damage)
             ... on level 3 of the Dungeon.
             The game lasted 00:12:47 (3109 turns).

Smaepdii the Stinger (Merfolk Venom Mage)           Turns: 3109, Time: 00:12:48

Health: 0/30       AC:  3    Str:  9    XL:     4   Next: 30%
Magic:  4/7        EV: 12    Int: 14    God:
Gold:   119        SH:  0    Dex: 14    Spells: 4/7 levels left

rFire    . . .     SeeInvis .   d - +0 dagger
rCold    . . .     Faith    .   (no shield)
rNeg     . . .     Spirit   .   a - +0 robe
rPois    .         Reflect  .   (no helmet)
rElec    .         Harm     .   (no cloak)
rCorr    .         Rampage  .   k - +0 pair of gloves
Will     .....                  (no boots)
Stlth    ++........             (no amulet)
HPRegen  0.10/turn              (no ring)
MPRegen  0.10/turn              (no ring)

@: no status effects
A: (nimble swimmer 2), mertail
a: no special abilities


You were on level 3 of the Dungeon.
You visited 1 branch of the dungeon, and saw 3 of its levels.

You collected 119 gold pieces.

Inventory:

Hand Weapons
 d - a +0 dagger (weapon)
Armour
 a - a +0 robe (worn)
 g - a +0 leather armour
 k - a +0 pair of gloves (worn)
Scrolls
 e - a scroll of enchant armour {unknown}
 f - 2 scrolls of identify {unknown}
 h - a scroll of teleportation {unknown}
Potions
 b - 3 potions of curing {unknown}
 c - 2 potions of magic {unknown}
 i - 2 potions of haste {unknown}
 j - a potion of heal wounds {unknown}


   Skills:
 - Level 2.6 Dodging
 - Level 2.1 Stealth
 - Level 2.0 Spellcasting
 - Level 1.3 Transmutations
 * Level 5.5 Poison Magic


You had 4 spell levels left.
You knew the following spells:

 Your Spells              Type           Power      Damage    Failure   Level
a - Sting                 Tmut/Pois      44%        1d5       6%          1
b - Poisonous Vapours     Pois/Air       18%        N/A       12%         2

Your spell library contained the following spells:

 Spells                   Type           Power      Damage    Failure   Level
 Olgreb's Toxic Radiance  Pois           16%        N/A       24%         4
 Mephitic Cloud           Conj/Pois/Air  6%         N/A       32%         3
 Corpse Rot               Necr/Air       N/A        N/A       34%         2
 Fulminant Prism          Conj/Hex       0%         3d6       93%         4
 Iskenderun's Mystic Bla  Conj/Tloc      1%         2d3       93%         4
 Freezing Cloud           Conj/Ice/Air   0%         6-21      100%        5
 Lee's Rapid Deconstruct  Erth           0%         3d5*      100%        5


Dungeon Overview and Level Annotations

Branches:
Dungeon (3/15)

Altars:
Makhleb

Shops:
D:1 (


Innate Abilities, Weirdness & Mutations

((You are quick and stealthy near water. (Stealth+, EV+, Speed+++)))
Your lower body shifts to a powerful aquatic tail in water.


Message History

* * * LOW HITPOINT WARNING * * *
The bat completely misses you. The bat hits you but does no damage. x2
The bat hits you but does no damage. The bat barely misses you.
The bat closely misses you.
A quokka comes into view.
Things that are here:
a +0 dagger; an orc corpse The bat barely misses you.
You hit the endoplasm.
The endoplasm is heavily wounded.
The endoplasm freezes you.
You are frozen.
* * * LOW HITPOINT WARNING * * *
The bat hits you but does no damage.
You completely miss the endoplasm.
The endoplasm is heavily wounded.
The bat hits you but does no damage. The bat barely misses you.
The endoplasm closely misses you.
You barely miss the endoplasm.
The endoplasm is heavily wounded.
The bat hits you but does no damage. The endoplasm closely misses you.
The bat hits you.
* * * LOW HITPOINT WARNING * * *
The bat barely misses you. The bat barely misses you.
The endoplasm hits you but does no damage.
The quokka bites you but does no damage.
The bat closely misses you. The bat barely misses you.
The bat barely misses you. The quokka closely misses you.
The bat closely misses you. The bat hits you.
* * * LOW HITPOINT WARNING * * *
There is a stone staircase leading up, spattered with blood here.
The bat hits you.
* * * LOW HITPOINT WARNING * * *
The quokka bites you.
You die...

#...............# .#..
##..............####....
........................
#....................#
##....................#.
##.......................
#####.<......................
#.....#....b................#
####.........Jr@..............##
.........................$...$..
.....>.....).........(..........
..................##..........##
.............####.............#
.........##### ###.....#####.#
.......... ......# ##.......##
#..##.... #..######. ..# #####


You could see an endoplasm, a quokka and a bat.

Vanquished Creatures
  An adder (D:2)
  A dart slug (D:1)
  2 orcs
  5 bats
  5 endoplasms
  3 giant cockroaches
  4 goblins
  5 hobgoblins
  3 jackals (D:2)
  4 quokkas
  9 ball pythons
  6 kobolds
  6 rats
54 creatures vanquished.

Notes
Turn   | Place    | Note
-------+----------+-------------------------------------------
     0 | D:1      | Smaepdii the Merfolk Venom Mage began the quest for the
                  | Orb.
     0 | D:1      | Reached XP level 1. HP: 13/13 MP: 3/3
   316 | D:1      | Reached XP level 2. HP: 19/19 MP: 0/5
   505 | D:1      | Found Xumaifo's Antique Weapon Boutique.
   514 | D:1      | Reached skill level 4 in Poison Magic
   915 | D:1      | Reached XP level 3. HP: 22/24 MP: 2/6
  1702 | D:2      | Learned a level 2 spell: Poisonous Vapours
  1746 | D:2      | Reached skill level 5 in Poison Magic
  1985 | D:2      | Found a burning altar of Makhleb.
  2355 | D:2      | Reached XP level 4. HP: 30/30 MP: 3/7
  3109 | D:3      | Slain by a quokka

Illustrated notes

Levels and vault maps discovered:
D:1:      saegor_arrival_simple_a, layout_loops_corners, serial_shops,
          nicolae_shop_statue_plus
D:2:      layout_loops_ring, basic_altar, minmay_tripent
D:3:      layout_rooms, shapermc_ecumenical_altar_petra

Skill      XL: |  1  2  3 |
---------------+----------+-----
Poison Magic   | 4 5 |  5.5
Dodging        | |  2.6
Stealth        | |  2.1
Spellcasting   | |  2.0
Transmutations | |  1.3

Action                   |  1- 3 |  4- 6 || total
-------------------------+-------+-------++-------
Melee: Unarmed           |     6 |       ||     6
       Dagger            |    31 |    10 ||    41
 Cast: Sting             |    60 |       ||    60
       Poisonous Vapours |    16 |    12 ||    28
Armor: Robe              |    15 |    18 ||    33
Dodge: Dodged            |    56 |    36 ||    92
